 Dungeon Crawl Stone Soup version 0.21-a0-404-g291f19a (webtiles) character file.

220 kae the Firebug (level 5, -1/28 HPs)
             Began as a Tengu Fire Elementalist on Oct 26, 2017.
             Was an Initiate of Vehumet.
             Slain by Natasha (7 damage)
             ... on level 3 of the Dungeon.
             The game lasted 00:04:49 (4144 turns).

kae the Firebug (Tengu Fire Elementalist)           Turns: 4144, Time: 00:04:50

Health: -1/28      AC:  9    Str:  9    XL:     5   Next: 97%
Magic:  8/10       EV: 12    Int: 16    God:    Vehumet [......]
Gold:   207        SH:  4    Dex: 14    Spells: 4/10 levels left

rFire    + . .     SeeInvis .   q - staff of poison
rCold    . . .     Gourm    .   f - +0 buckler
rNeg     . . .     Faith    .   a - +0 robe
rPois    +         Spirit   .   (helmet restricted)
rElec    .         Reflect  .   p - +2 cloak
rCorr    .         Harm     .   (no gloves)
MR       .....                  (boots unavailable)
Stlth    ++........             (no amulet)
HPRegen  0.09/turn              j - ring of protection from fire
MPRegen  0.12/turn              u - +4 ring of protection

@: very slightly contaminated, slowed, very slow
A: beak, talons 3, able to fly 1
a: Fly, Renounce Religion


You were on level 3 of the Dungeon.
You worshipped Vehumet.
Vehumet was noncommittal.
You were hungry.

You visited 2 branches of the dungeon, and saw 5 of its levels.

You collected 207 gold pieces.

Inventory:

Hand Weapons
 e - a +0 whip
Armour
 a - a +0 robe (worn)
 f - a +0 buckler (worn)
 p - a +2 cloak (worn)
Magical Staves
 q - an uncursed staff of poison (weapon)
Jewellery
 i - an uncursed ring of positive energy
 j - a ring of protection from fire (left hand)
 s - an uncursed ring of positive energy
 u - a +4 ring of protection (right hand)
Scrolls
 d - 2 scrolls of identify
 m - 5 scrolls of teleportation
 r - 3 scrolls of recharging
 v - a scroll of remove curse
 y - a scroll of magic mapping
 A - a scroll of enchant armour {unknown}
Potions
 g - a potion of curing
 h - 2 potions of heal wounds
 l - a potion of resistance
 n - a potion of experience
 t - 2 potions of might
 w - a potion of invisibility {unknown}
 x - a potion of haste
 z - a potion of flight {unknown}
Books
 b - a book of Flames

   Spells                             Type                      Level
   a - Flame Tongue                   Conjuration/Fire             1
   b - Throw Flame                    Conjuration/Fire             2
   c - Conjure Flame                  Conjuration/Fire             3
   d - Inner Flame                    Hexes/Fire                   3
   e - Sticky Flame                   Conjuration/Fire             4
   f - Fireball                       Conjuration/Fire             5
Comestibles
 c - 3 bread rations
 k - a royal jelly
 o - 3 fruits


   Skills:
 - Level 2.1 Dodging
 - Level 2.0 Stealth
 + Level 2.5 Shields
 + Level 3.1 Spellcasting
 + Level 3.8 Conjurations
 + Level 4.5 Fire Magic


You had 4 spell levels left.
You knew the following spells:

 Your Spells              Type           Power        Failure   Level  Hunger
a - Flame Tongue          Conj/Fire      ###..        3%          1    None
b - Throw Flame           Conj/Fire      ###...       6%          2    ##.....
c - Conjure Flame         Conj/Fire      ###.....     12%         3    ###....


Dungeon Overview and Level Annotations

Branches:
Dungeon (4/15)             Temple (1/1) D:4

Altars:
Ashenzari
Cheibriados
Dithmenos
Elyvilon
Fedhas
Gozag
Hepliaklqana
Kikubaaqudgha
Makhleb
Nemelex Xobeh
Qazlal
Ru
Sif Muna
Trog
Uskayaw
Vehumet
Wu Jian
Xom
Yredelemnul
Zin
The Shining One

Annotations:
D:3 Natasha


Innate Abilities, Weirdness & Mutations

You have a beak for a mouth.
You have claws for feet.
You can fly.


Message History

There is a stone staircase leading down here.
Unknown command.
Unknown command.
Casting: Flame Tongue
Confirm with . or Enter, or press ? or * to list all spells.
Aiming: Flame Tongue
Press: ? - help, Shift-Dir - straight line, f - Natasha
Aim: Natasha The flame tongue misses Natasha.
Natasha stares at you and mumbles some strange words.
You feel yourself slow down.
Casting: Flame Tongue
Confirm with . or Enter, or press ? or * to list all spells.
Aiming: Flame Tongue
Press: ? - help, Shift-Dir - straight line, f/p - Natasha
Aim: Natasha You miscast Flame Tongue.
You are very lightly contaminated with residual magic.
Nothing appears to happen.
Natasha closely misses you. Natasha claws you!
You die...

..# #..............#
..######## #.........._...#
.(.?.....# #..............#
.........# #.........[....#
.........# #..............#
.?.^.....# #..........#####
##.......####.......##+#####
.........#....[[<..........#
.........'......@##........#
.........#(..).#h##........#
.....#####(....#.##........#
.....# #......#.##........#
.....####....###.##........#
........'........##........#
#####.###.(..##............#
#.###....##..<.........#
#..##....##.....########


You could see Natasha.

Vanquished Creatures
  An orc priest (D:3)
  An orc wizard (D:4)
  5 adders
  2 oozes
  An adder skeleton (D:3)
  3 worms
  2 dart slugs
  3 leopard geckos
  10 orcs
  3 ball pythons
  3 giant cockroaches
  6 goblins
  8 hobgoblins
  5 jackals
  7 kobolds
  6 bats
  4 frilled lizards
  11 rats
81 creatures vanquished.

Notes
Turn   | Place    | Note
-------+----------+-------------------------------------------
     0 | D:1      | kae the Tengu Fire Elementalist began the quest for the Orb.
     0 | D:1      | Reached XP level 1. HP: 10/10 MP: 4/4
   268 | D:1      | Reached XP level 2. HP: 3/15 MP: 0/6
  1152 | D:1      | Reached XP level 3. HP: 15/19 MP: 7/7
  1360 | D:2      | Reached skill level 1 in Shields
  1436 | D:2      | Learned a level 2 spell: Throw Flame
  1440 | D:2      | Learned a level 3 spell: Conjure Flame
  1956 | D:2      | Reached XP level 4. HP: 24/24 MP: 3/8
  2524 | D:3      | Reached skill level 4 in Fire Magic
  2880 | D:3      | Found a white marble altar of Elyvilon.
  3087 | D:3      | Found an ornate altar of the Wu Jian Council.
  3203 | D:3      | Gained mutation: You can fly. [Tengu growth]
  3203 | D:3      | Reached XP level 5. HP: 28/28 MP: 5/10
  3569 | D:4      | Found a staircase to the Ecumenical Temple.
  3607 | Temple   | Entered the Ecumenical Temple
  3724 | Temple   | Became a worshipper of Vehumet
  4096 | D:4      | Noticed Natasha
  4144 | D:3      | Slain by Natasha

Vault maps used:
D:1:      minmay_arrival_split_and_join
D:3:      overflow_temple_1_default, elyvilon_altar_4
D:4:      minmay_temple_entry_trees, nicolae_ossuary_entry_giza, first_bread,
          uniq_natasha, uniq_menkaure, uniq_edmund
Temple:   regret_index_temple_chain_breaker

Skill      XL: |  1  2  3  4  5 |
---------------+----------------+-----
Conjurations   | 2 3 |  3.8
Shields        | 1 2 |  2.5
Fire Magic     | 4 |  4.5
Spellcasting   | 3 |  3.1
Dodging        | |  2.1
Stealth        | |  2.0

Action                   |  1- 3 |  4- 6 || total
-------------------------+-------+-------++-------
Melee: Unarmed           |     4 |       ||     4
       Whip              |    54 |    51 ||   105
       Peck              |     9 |    11 ||    20
       Kick              |    15 |    18 ||    33
       Staff             |       |    31 ||    31
 Cast: Flame Tongue      |    39 |    47 ||    86
  Use: Scroll            |       |    12 ||    12
       Potion            |       |     1 ||     1
 Stab: Sleeping          |     7 |     2 ||     9
  Eat: Chunk             |     3 |     7 ||    10
Armor: Robe              |    23 |    27 ||    50
Dodge: Dodged            |    31 |    68 ||    99
Block: Buckler           |    11 |    17 ||    28

Table legend:
 A = Spawn XP
 B = Non-spawn XP
 C = Spawn XP percentage of total XP
 D = Spawn monster count
 E = Non-spawn monster count
 F = Spawn count percentage of total count
 G = Total turns spent on level
                    A         B        C        D         E        F      G
               +---------+---------+-------+---------+---------+-------+---------
         Total |       0 |     315 |   0.0 |       0 |      81 |   0.0 |  4144
               +---------+---------+-------+---------+---------+-------+---------
           D:1 |       0 |      37 |   0.0 |       0 |      22 |   0.0 |  1359
           D:2 |       0 |      54 |   0.0 |       0 |      21 |   0.0 |  1054
           D:3 |       0 |     146 |   0.0 |       0 |      28 |   0.0 |  1400
           D:4 |       0 |      78 |   0.0 |       0 |      10 |   0.0 |   208
               +---------+---------+-------+---------+---------+-------+---------
